 Dungeon Crawl Stone Soup version 0.26-a0-778-g3fe0686644 (webtiles) character file.

Game seed: 5145727423630383859

939681 mhtbhm the Conqueror (level 27, -16/179 HPs)
             Began as a Gargoyle Berserker on Nov 10, 2020.
             Was the Champion of Trog.
             Killed from afar by a Tzitzimitl (36 damage)
             ... with a bolt of cold
             ... on level 7 of Tartarus.
             The game lasted 03:36:10 (91881 turns).

mhtbhm the Conqueror (Gargoyle Berserker)          Turns: 91881, Time: 03:36:12

Health: -16/179    AC: 64    Str: 41    XL:     27
Magic:  32/32      EV: 15    Int: 19    God:    Trog [******]
Gold:   6868       SH: 21    Dex:  9    Spells: 26/26 levels left

rFire    + + +     SeeInvis +   O - +9 morningstar (holy)
rCold    . . .     Faith    .   n - +1 kite shield {rF+}
rNeg     + + +     Spirit   .   e - +8 crystal plate armour "Xemim" {MR+}
rPois    ∞         Reflect  .   I - +0 hat of the New World {Int+6 Slay+3 SInv}
rElec    +         Harm     .   L - +2 cloak "Painas Kuth" {-Cast Str+2 Int+4 Stlth+}
rCorr    .         Rampage  +   (no gloves)
MR       +++..     NoCast   +   p - +2 pair of boots {rampage}
Stlth    ..........             t - amulet "Jesob" {Acrobat rPois Str+4 Slay+5 Stlth+}
HPRegen  0.39/turn              c - ring of the Cast Vote {*Contam rF+ rN+++ MP+9 SInv}
MPRegen  0.23/turn              M - ring of Sunlight {rElec rF+ rN+}

@: corroded, berserk cooldown, flying, slowed, silenced, very slow
A: big wings, horns 1, blink, frail 1, mutation resistance 1, negative energy
resistance 1, electricity resistance, strong 1, unbreathing, petrification
resistance, no potion heal 1, rot immunity, AC +20
}: 6/15 runes: decaying, serpentine, silver, iron, obsidian, abyssal
a: Stop Flying, Blink, Renounce Religion


You were on level 7 of Tartarus.
You worshipped Trog.
Trog was exalted by your worship.
You visited 15 branches of the dungeon, and saw 75 of its levels.
You visited the Abyss 3 times.
You visited 1 bazaar.
You also visited: Ice Cave, Volcano and Wizlab.

You collected 12899 gold pieces.
You spent 6031 gold pieces at shops.

Inventory:

Hand Weapons
 y - the +8 frozen axe "Frostbite" {freezing cloud, *Noise +Fly rC+}
   (You took it off a deep elf mage on level 5 of the Vaults)

   It has been specially enchanted to freeze those struck by it, causing extra
   injury to most foes and up to half again as much damage against particularly
   susceptible opponents.
   It can also slow down cold-blooded creatures.
   It protects you from cold.
   It lets you fly.
   It may make noises in combat.
 B - a +9 vampiric morningstar
 O - a +9 morningstar of holy wrath (weapon)
 R - the +6 arbalest "Damnation" {damnation}
   (You found it on level 3 of the Elven Halls)
 V - a +8 demon whip of flaming
Missiles
 s - 29 curare-tipped darts (quivered)
 X - 1539 bolts
Armour
 d - the +0 kite shield of the Postmodern Friars {rPois Str+9 Dex-2 Stlth-}
   (You acquired it on level 1 of the Swamp)

   It affects your strength (+9).
   It affects your dexterity (-2).
   It protects you from poison.
   It makes you less stealthy.
 e - the +8 crystal plate armour "Xemim" (worn) {MR+}
   (You found it on level 3 of the Depths)

   It affects your resistance to hostile enchantments.
 n - a +1 kite shield of fire resistance (worn)
 p - a +2 pair of boots of rampaging (worn)
 D - the +0 pair of fencer's gloves {Riposte Dex+3}
   (You found it on level 3 of the Crypt)

   It affects your dexterity (+3).
 I - the +0 hat of the New World (worn) {Int+6 Slay+3 SInv}
   (You found it on level 2 of the Elven Halls)

   It affects your intelligence (+6).
   It affects your accuracy and damage with ranged weapons and melee attacks
   (+3).
   It lets you see invisible.
 L - the +2 cloak "Painas Kuth" (worn) {-Cast Str+2 Int+4 Stlth+}
   (You found it on level 2 of the Elven Halls)

   It affects your strength (+2).
   It affects your intelligence (+4).
   It prevents spellcasting.
   It makes you more stealthy.
 T - +0 gold dragon scales
 Y - a +5 tower shield of reflection
Jewellery
 c - the ring of the Cast Vote (left hand) {*Contam rF+ rN+++ MP+9 SInv}
   (You bought it in a shop in a bazaar)

   [ring of protection from fire]

   It protects you from fire.
   It renders you almost immune to negative energy.
   It affects your magic capacity (+9).
   It lets you see invisible.
   It causes magical contamination when unequipped.
 f - a +6 ring of strength
 g - the ring "Achuvac" {rPois rC+ Int-5 Dex+3 SInv}
   (You took it off a salamander on level 2 of the Snake Pit)

   [ring of poison resistance]

   It affects your intelligence (-5).
   It affects your dexterity (+3).
   It protects you from cold.
   It protects you from poison.
   It lets you see invisible.
 k - the ring of Mughisiw {Ice +Blink rPois rN+}
   (You found it on level 7 of the Iron City of Dis)

   [ring of ice]

   It enhances your ice magic.
   It makes you vulnerable to fire.
   It protects you from cold.
   It protects you from poison.
   It protects you from negative energy.
   It lets you blink.
 m - the ring of the Evening {rCorr Int-2 Dex+6 SInv}
   (You found it on level 3 of the Vaults)

   [ring of resist corrosion]

   It affects your intelligence (-2).
   It affects your dexterity (+6).
   It lets you see invisible.
   It provides partial protection from all sources of acid and corrosion.
 t - the amulet "Jesob" (around neck) {Acrobat rPois Str+4 Slay+5 Stlth+}
   (You bought it in a shop on level 2 of the Orcish Mines)

   [amulet of the acrobat]

   It helps you evade while moving and waiting.
   It affects your strength (+4).
   It affects your accuracy and damage with ranged weapons and melee attacks
   (+5).
   It protects you from poison.
   It makes you more stealthy.
 M - the ring of Sunlight (right hand) {rElec rF+ rN+}
   (You found it on level 3 of the Crypt)

   [ring of positive energy]

   It protects you from fire.
   It insulates you from electricity.
   It protects you from negative energy.
Wands
 u - a wand of iceblast (46)
 v - a wand of acid (42)
 Z - a wand of disintegration (34)
Scrolls
 l - 4 scrolls of brand weapon
 o - 10 scrolls of immolation
 r - 10 scrolls of teleportation
 w - 3 scrolls of holy word
 x - 5 scrolls of fog
 E - 26 scrolls of remove curse
 N - 4 scrolls of silence
 Q - 12 scrolls of identify
 W - 4 scrolls of blinking
Potions
 h - 10 potions of haste
 i - 4 potions of resistance
 j - 32 potions of curing
 A - 12 potions of might
 C - 6 potions of invisibility
 F - 4 potions of berserk rage
 G - 2 potions of magic
 H - a potion of cancellation
 P - 9 potions of mutation
Miscellaneous
 a - a tin of tremorstones (2/2)
 q - a phantom mirror
 S - a condenser vane


   Skills:
 O Level 27 Fighting
 - Level 21.6(26.0) Axes
 O Level 27 Maces & Flails
 * Level 9.2 Crossbows
 - Level 0.5 Throwing
 O Level 27 Armour
 * Level 16.0 Dodging
 - Level 3.8 Stealth
 O Level 27 Shields
 - Level 0.4 Unarmed Combat
 - Level 0.4 Spellcasting
 - Level 3.8 Evocations


You had 26 spell levels left.
You didn't know any spells.
Your spell library was empty.

Dungeon Overview and Level Annotations

Branches:
Dungeon (15/15)            Temple (0/1) D:5            Lair (6/6) D:9
  Swamp (4/4) Lair:3        Snake (4/4) Lair:2        Slime (0/5) Lair:6
    Orc (2/2) D:12            Elf (3/3) Orc:2        Vaults (5/5) D:13
  Crypt (3/3) Vaults:3       Tomb (2/3) Crypt:3      Depths (5/5) D:15
   Hell (visited)             Dis (7/7) Hell            Geh (7/7) Hell
    Coc (0/7) Hell            Tar (7/7) Hell            Zot (5/5) Depths:5
  IceCv (visited)         Volcano (visited)          WizLab (visited)

Altars:
Ashenzari
Cheibriados
Elyvilon
Fedhas
Gozag
Hepliaklqana
Kikubaaqudgha
Makhleb
Qazlal
Ru
Trog
Uskayaw
Vehumet
Xom
Yredelemnul
Zin
The Shining One
Beogh

Shops:
D:6 }   D:10 [=(   D:15 ?!*   Orc:2 *=[(   Snake:2 *   Vaults:1 (   Vaults:3 *?
Depths:2 ((!

Portals:
Hell: Depths:1 Depths:2 Depths:3 Depths:5
Abyss: Depths:1
Pandemonium: Depths:3
Ziggurat: Depths:2


Innate Abilities, Weirdness & Mutations

You are resistant to torment.
Your stone body is resilient. (AC +20)
You are immune to poison.
Your large and strong wings let you fly indefinitely.
You resist negative energy. (rN+)
You are resistant to electric shocks. (rElec)
You can survive without breathing.
You are immune to petrification.
You are immune to rotting.
You have a pair of small horns on your head.
You can translocate small distances at will.
You are frail. (-10% HP)
You are somewhat resistant to further mutation.
Your muscles are strong. (Str +2)
Potions are less effective at restoring your health.


Message History

The silent spectre grins at you slowly.
You sock the shadow demon!
The shadow demon convulses!
You headbutt the shadow demon!
The shadow demon is severely wounded.
You block the reaper's attack.
The necrophage hits you but does no damage.
You block the shadow imp's attack.
The shadow demon gestures.
The rust devil barely misses you.
The ice devil hits you but does no damage.
The rust devil hits you. The rust devil corrodes you!
The shadow demon misses you. The shadow barely misses you.
The reaper closely misses you.
You miss the shadow demon. You headbutt the shadow demon.
The shadow demon is severely wounded.
The reaper dissolves into shadows!
You block the necrophage's attack. The Tzitzimitl gestures at you.
The bolt of cold hits the shadow.
The shadow completely resists.
The bolt of cold hits you!!!
You die...

.#.#.#..).#,#........#,*,,,,*,*,*
##.#.#)...#,#........#,*,,,,*,*,*
)..#.#....#,#........#,*,,,,*,*,,
#.##.#....#,##......##,*,,,,*,**,
..#..#.#.##.,#......#,,#*,*,*,,*,
.##.##.#.#...##....##...*,*,**,**
##..#..#.#...V##Z1##....*,*,,*,,*
#..##.##.#...Z42W4Z.....*,**,**,,
..##,,*,,#....24@44Z....*,,*,,**,
###,,**,,##...Zn523Z...#*,,**,,**
#,,,**,,,,#.....W.2....#,,,,**,,,
,,***,,**+##..........##+**,,***,
***,,,**,,*+#........#+*,,**,,,**
,,,,***,,,*,##########,*,,,***,,,
,****,,,,,*,,,,,,,,,,,,*,,,,,****
** ************************** *


You could see a Tzitzimitl, 2 reapers, a soul eater (summoned), 2 shadow demons,
a vampire mage (summoned), a hellwing (summoned), an ice devil (summoned), 2
rust devils, a silent spectre (summoned, silencing), a chaos spawn (summoned), a
necrophage, a shadow (invisible), a shadow imp, a dire elephant zombie
(summoned), an ice dragon zombie, a shadow dragon zombie (summoned), a snapping
turtle skeleton (summoned) and 2 stone giant skeletons.

Vanquished Creatures
  Ereshkigal (Tar:7)
  the Serpent of Hell (Geh:7)
  Dispater (Dis:7)
  7 ancient liches
  Khufu (Tomb:1)
  4 orbs of fire
  The ghost of Switch the Slayer, a veteran DDFi of Makhleb (Vaults:3)
  Sojobo (Tomb:1)
  3 greater mummies
  Frederick (Vaults:3)
  Vashnia (Snake:3)
  Xtahua (Crypt:2)
  8 Killer Klowns (Zot:5)
  Saint Roka (Depths:2)
  Geryon (Hell)
  9 golden dragons
  3 curse toes
  A caustic shrike (shapeshifter) (Vaults:3)
  Nikola (Elf:3)
  11 bone dragons
  11 Tzitzimimeh
  5 electric golems
  2 doom hounds
  27 Brimstone Fiends
  13 liches
  Jorgrun (Orc:2)
  Rupert (D:15)
  An iron giant (Dis:7)
  4 Ice Fiends (Dis:7)
  15 tentacled monstrosities
  25 Orb Guardians (Zot:5)
  8 Hell Sentinels (Dis:7)
  6 deep elf blademasters
  A deep elf master archer (Elf:3)
  Asterion (Vaults:3)
  16 quicksilver dragons
  An acid blob (Depths:2)
  2 titans (Vaults:5)
  A tentacled starspawn (Abyss:5)
  The ghost of pigah the Fencer, an adept DrWn of Okawaru (Elf:2)
  3 Executioners
  6 thorn hunters
  12 shadow dragons
  A sphinx (shapeshifter) (D:13)
  Agnes (Vaults:3)
  6 sphinxes
  17 death cobs
  12 storm dragons
  9 tengu reavers
  16 ancient champions
  2 draconian monks
  13 nagarajas
  A fenstrider witch (Swamp:4)
  The ghost of Deeps the Impaler, an adept GrFi of Okawaru (Swamp:1)
  7 frost giants
  4 revenants
  12 fire giants
  Louise (Depths:1)
  A caustic shrike zombie (Crypt:1)
  A frost giant (shapeshifter) (D:12)
  3 orc warlords
  3 draconian shifters
  10 balrugs
  12 vault wardens
  3 ghost moths
  9 ironheart preservers
  8 draconian scorchers
  13 iron dragons
  5 draconian knights
  A curse skull (Crypt:2)
  9 deep elf sorcerers
  4 cacodemons
  7 draconian stormcallers
  51 reapers
  5 deep elf elementalists
  4 draconian annihilators
  3 ghouls
  24 war gargoyles
  8 very ugly things
  12 green draconians
  8 black draconians
  24 stone giants
  3 caustic shrike skeletons (Crypt:3)
  11 vampire knights
  2 entropy weavers
  11 red draconians
  A bennu (Tomb:2)
  16 purple draconians
  4 deep elf demonologists
  13 yellow draconians
  13 white draconians
  5 spark wasps
  12 deep elf annihilators
  3 bunyips
  2 lorocyprocas
  8 eleionomae
  Snorg (Lair:5)
  3 blizzard demons
  3 quicksilver dragon zombies
  15 ettins
  A merfolk impaler (Depths:2)
  5 deep elf death magi (Elf:3)
  5 green deaths
  8 eidola
  4 fire dragons
  12 mummy priests
  2 shambling mangroves (Abyss:4)
  26 vault guards
  7 great orbs of eyes
  5 deep elf high priests
  13 jiangshi
  A kraken zombie (Hell)
  18 yaktaur captains
  Harold (D:7)
  A ghost crab (Swamp:2)
  10 rakshasas
  Fannar (D:11)
  11 ice dragons
  4 quicksilver dragon skeletons
  A fenstrider witch zombie (Crypt:1)
  2 spriggan air magi
  28 naga warriors
  29 hydras
  7 boulder beetles
  A catoblepas (D:10)
  7 centaur warriors
  4 death knights
  8 anacondas
  8 alligators
  13 hell hogs
  6 deep troll earth magi
  8 deep troll shamans
  A satyr (Abyss:4)
  15 ogre magi
  49 two-headed ogres
  25 dancing weapons
  3 orc high priests
  6 tengu warriors
  12 vampire magi
  7 titan zombies
  6 death yaks (Lair:6)
  9 death scarabs (Tomb:1)
  22 naga sharpshooters
  6 thrashing horrors
  6 storm dragon zombies
  15 soul eaters
  11 shock serpents
  Sonja (D:13)
  3 spriggan berserkers
  5 goliath frogs
  30 deep elf knights
  A spatial maelstrom (Abyss:1)
  8 iron golems
  Nergalle (D:12)
  11 sun demons
  14 iron trolls
  A fire crab (Volcano)
  A storm dragon skeleton (Geh:6)
  8 titan skeletons
  A wretched star (Abyss:5)
  4 salamander mystics
  24 deep trolls
  A death drake (Tar:1)
  48 hell knights
  118 skeletal warriors
  7 shadow wraiths
  4 spriggan druids
  5 unseen horrors
  3 golden dragon zombies
  11 swamp dragons
  2 wizards
  25 deep elf archers
  6 naga ritualists
  2 tengu zombies
  Pikel (D:7)
  7 anaconda zombies
  6 bog bodies
  23 flayed ghosts
  15 shadow demons
  11 ironbrand convokers
  An obsidian statue (Volcano)
  3 shadow dragon zombies
  3 glowing orange brains
  5 sea snakes (Snake:2)
  16 necromancers
  A lindwurm (Volcano)
  7 phantasmal warriors
  3 shadow dragon skeletons (Crypt:3)
  8 iron dragon zombies
  4 harpies (Vaults:3)
  4 wolf spider zombies
  3 wolf spiders
  5 frost giant zombies
  16 orc knights
  2 oklob plants (Depths:2)
  2 fire giant zombies
  11 mana vipers
  42 ugly things
  6 orc sorcerers
  2 cyclopes
  2 will-o-the-wisps (Swamp:2)
  A cyclops (shapeshifter) (Elf:2)
  10 stone giant zombies
  2 manticores
  10 salamanders
  A draconian (Zot:3)
  72 deep elf magi
  5 worldbinders (Abyss:4)
  2 iron dragon skeletons
  2 human zombies
  15 moths of wrath
  6 dire elephant zombies
  A guardian serpent (shapeshifter) (Vaults:5)
  17 elephants
  30 black mambas
  A shock serpent zombie (Geh:7)
  3 frost giant skeletons
  2 water nymphs (Abyss:4)
  4 stone giant skeletons
  2 black mambas (shapeshifter) (Elf:2)
  2 eyes of devastation
  44 rust devils
  2 smoke demons
  3 fire giant skeletons
  18 naga magi
  8 molten gargoyles
  14 vault sentinels
  8 guardian serpents
  An ice statue (IceCv)
  An elephant slug zombie (Crypt:1)
  Psyche (D:9)
  4 shock serpent skeletons
  An eye of devastation (shapeshifter) (Vaults:5)
  3 torpor snails (Lair:5)
  Maggie (D:6)
  2 gargoyles
  15 cane toads
  28 hellions
  46 yaktaurs
  2 emperor scorpion zombies
  A yaktaur zombie (Vaults:3)
  A yaktaur (shapeshifter) (Elf:1)
  4 rime drakes
  A black draconian zombie (Crypt:3)
  12 guardian mummies
  3 efreet
  11 ice devils
  9 komodo dragons
  2 tengu conjurers
  30 tormentors
  An anaconda simulacrum (Hell)
  A kobold demonologist (D:14)
  A dire elephant skeleton (Tar:5)
  2 yaktaur skeletons
  19 freezing wraiths
  10 trolls
  4 hydra zombies
  19 red devils
  2 harpy zombies
  23 polar bears
  A demonic crawler (Hell)
  2 silent spectres
  A meliai (D:13)
  A troll (shapeshifter) (Elf:1)
  A hornet (shapeshifter) (Vaults:5)
  2 jumping spiders (shapeshifter)
  2 sea snake skeletons (Crypt:3)
  4 bloated husks
  21 hornets
  Grinder (D:6)
  A meliai zombie (D:13)
  A raiju (shapeshifter) (Vaults:1)
  A boulder beetle zombie (Vaults:3)
  5 ettin zombies
  A tarantella zombie (Crypt:2)
  12 tyrant leeches
  6 ice dragon zombies
  16 slime creatures
  3 harpy skeletons
  7 raiju
  10 hydra skeletons
  5 alligator zombies
  3 blink frogs (Lair:5)
  5 fire dragon zombies
  4 ice dragon skeletons
  A stone giant simulacrum (Vaults:1)
  A slime creature (shapeshifter) (D:15)
  3 dream sheep (Lair:6)
  3 ettin skeletons
  2 black mamba zombies
  A redback (shapeshifter) (Vaults:5)
  3 air elementals
  A centaur simulacrum (D:12)
  18 shadows
  18 large abominations
  A fire dragon skeleton (Geh:1)
  A tarantella (shapeshifter) (Elf:1)
  96 flying skulls
  29 wraiths
  A ynoxinul (Abyss:5)
  4 redbacks
  29 spriggans
  55 yaks
  10 water elementals
  A wyvern (shapeshifter) (Elf:2)
  3 vampires
  A fire bat (shapeshifter) (Depths:2)
  4 ushabtiu
  8 wyverns
  21 fire bats
  2 hogs (shapeshifter)
  A chaos spawn (Abyss:5)
  39 fire elementals
  4 basilisks
  4 black mamba skeletons
  2 neqoxecs
  A steam dragon (D:11)
  10 vampire mosquitoes
  10 wargs
  14 swamp worms
  A harpy simulacrum (D:14)
  70 nagas
  Menkaure (D:6)
  67 hell hounds
  5 acid dragons
  3 spatial vortices (Abyss:3)
  17 water moccasins
  53 orc warriors
  2 merfolk skeletons
  A swamp drake (shapeshifter) (Elf:2)
  4 cane toad zombies
  8 swamp drakes
  3 cane toad skeletons
  6 sky beasts
  3 snapping turtle zombies
  A black bear (shapeshifter) (Vaults:1)
  A hornet zombie (D:15)
  An eye of draining (shapeshifter) (Vaults:4)
  14 ice beasts
  8 black bears
  17 necrophages
  4 phantoms
  2 swamp dragon zombies
  2 eyes of draining
  An ettin simulacrum (Vaults:3)
  A tengu (shapeshifter) (Vaults:5)
  39 wolves
  A swamp dragon skeleton (Hell)
  46 ogres
  12 boggarts
  18 centaurs
  A snapping turtle skeleton (Geh:6)
  5 manticore skeletons
  3 big kobolds
  2 elf zombies
  9 small abominations
  21 bullfrogs
  3 earth elementals (Elf:1)
  A salamander zombie (Crypt:1)
  A wyvern skeleton (D:13)
  3 wyvern zombies
  6 scorpions
  A polar bear zombie (Crypt:3)
  A queen bee zombie (Crypt:1)
  A spriggan zombie (Dis:4)
  A killer bee (D:7)
  A spriggan skeleton (Dis:7)
  79 wights
  5 electric eels
  7 howler monkeys
  A troll skeleton (Geh:5)
  8 crimson imps
  6 lava snakes (Volcano)
  2 centaur zombies
  2 quasits
  A bullfrog zombie (D:10)
  2 human simulacra
  3 bullfrog skeletons
  9 centaur skeletons
  10 hounds
  A wolf skeleton (Crypt:1)
  A demonspawn zombie (Crypt:3)
  34 iron imps
  4 jellies
  23 orc priests
  4 iguanas
  39 orc wizards
  A human skeleton (Geh:1)
  12 worker ants
  5 hell rats (Lair:3)
  10 statues
  A dwarf zombie (Crypt:2)
  A naga skeleton (Crypt:3)
  A tengu skeleton (Crypt:1)
  3 hound zombies
  A hound skeleton (D:7)
  Robin (D:3)
  25 mummies
  A worker ant zombie (D:11)
  4 gnolls (D:10)
  A howler monkey skeleton (D:11)
  21 adders
  A steam dragon skeleton (Crypt:3)
  6 shadow imps
  7 white imps
  4 ufetubi
  An ooze (D:4)
  2 dart slugs
  10 leopard geckos
  116 orcs
  5 giant cockroaches
  14 goblins
  8 hobgoblins
  14 jackals
  9 kobolds
  8 quokkas
  2 ball pythons
  A ball python skeleton (Crypt:2)
  5 bats
  7 frilled lizards
  A jackal skeleton (D:5)
  A kobold skeleton (Geh:7)
  A leopard gecko skeleton (D:5)
  A leopard gecko zombie (D:7)
  2 orc skeletons
  An orc zombie (Dis:7)
  4 quokka skeletons
  5 rats
  A lurking horror (Abyss:4)
  A plant (Lair:2)
  A starspawn tentacle (Abyss:3)
  3 tentacles (Hell)
3789 creatures vanquished.

Vanquished Creatures (collateral kills)
  Asmodeus (Geh:7)
  A Killer Klown (Zot:5)
  A bone dragon (Abyss:1)
  2 purple draconians (WizLab)
  An anaconda (Snake:2)
  A queen ant (shapeshifter) (Elf:2)
  A glowing orange brain (Abyss:1)
  A deep elf archer (Vaults:3)
  3 deep elf magi
  A salamander (Snake:2)
  A centaur zombie (D:12)
  A kobold demonologist (D:12)
  A yaktaur (Vaults:3)
  A flying skull (Tomb:2)
  A wyvern (D:12)
  A yak (D:12)
  A tarantella (shapeshifter) (Elf:2)
  A warg (D:12)
  2 swamp drakes (Swamp:4)
  3 orc warriors
  2 orc wizards (D:12)
  A mummy (Tomb:2)
  6 orcs
  A hobgoblin (D:12)
  A briar patch (Swamp:4)
37 creatures vanquished.

Vanquished Creatures (others)
  A tengu reaver (Tomb:1)
  A fire giant (Depths:3)
  A vault guard (Vaults:4)
  A boulder beetle (Vaults:5)
  A hell hog (Geh:7)
  A titan skeleton (Geh:1)
  A wizard (Depths:2)
  A hellion (Geh:7)
  A yaktaur (Depths:2)
  A bloated husk (Swamp:1)
  An ettin zombie (Geh:1)
  A fire dragon zombie (Geh:1)
  A wraith (Geh:4)
  A yak (IceCv)
  A warg (Vaults:3)
  2 necrophages
  3 wights
  3 orc priests
  An iron imp (Dis:7)
  An orc wizard (Orc:2)
  2 mummies (Tomb:2)
  3 orcs
  11 briar patches
  63 fungi
  89 plants
  5 starspawn tentacles
  5 tentacles (Hell)
203 creatures vanquished.

Grand Total: 4029 creatures vanquished

Notes
Turn   | Place    | Note
-------+----------+-------------------------------------------
     0 | D:1      | mhtbhm the Gargoyle Berserker began the quest for the Orb.
     0 | D:1      | Reached XP level 1. HP: 14/14 MP: 1/1
   298 | D:1      | Reached XP level 2. HP: 17/19 MP: 2/2
   956 | D:2      | Reached XP level 3. HP: 24/24 MP: 3/3
  1331 | D:2      | Reached XP level 4. HP: 26/29 MP: 4/4
  1379 | D:2      | Reached ** piety under Trog
  1551 | D:2      | Found a white marble altar of Elyvilon.
  1765 | D:3      | Found a basalt altar of Yredelemnul.
  1988 | D:3      | Found a broken altar of Ashenzari.
  2298 | D:3      | Reached XP level 5. HP: 29/33 MP: 5/5
  2491 | D:3      | Found a hazy altar of Hepliaklqana.
  2539 | D:3      | Noticed Robin
  2540 | D:3      | Found a broken altar of Ashenzari.
  2576 | D:3      | Killed Robin
  2846 | D:4      | Reached skill level 1 in Stealth
  2883 | D:4      | Reached skill level 5 in Maces & Flails
  2883 | D:4      | Reached XP level 6. HP: 34/39 MP: 6/6
  3154 | D:4      | Found a radiant altar of Vehumet.
  3456 | D:4      | Reached *** piety under Trog
  3456 | D:4      | Reached XP level 7. HP: 39/44 MP: 7/7
  3582 | D:4      | Found a snail-covered altar of Cheibriados.
  3608 | D:4      | Reached skill level 5 in Fighting
  4029 | D:5      | Entered Level 5 of the Dungeon
  4226 | D:5      | Found a staircase to the Ecumenical Temple.
  4455 | D:5      | Found a blossoming altar of Fedhas.
  4527 | D:5      | Found a burning altar of Makhleb.
  4535 | D:5      | Gained mutation: You tend to lose your temper in combat.
                  | [potion of mutation]
  4535 | D:5      | Gained mutation: You have large cloven feet. [potion of
                  | mutation]
  4535 | D:5      | Gained mutation: You are agile. (Dex +2) [potion of
                  | mutation]
  4644 | D:5      | Found a shimmering altar of Xom.
  4645 | D:5      | Found a shimmering altar of Xom.
  4665 | D:5      | Reached **** piety under Trog
  4668 | D:5      | Found a shimmering altar of Xom.
  4826 | D:5      | Found a sacrificial altar of Ru.
  5283 | D:6      | Found Ituecouph's Gadget Shoppe.
  5362 | D:6      | Reached XP level 8. HP: 44/49 MP: 5/8
  5434 | D:6      | Noticed Menkaure
  5448 | D:6      | Killed Menkaure
  5457 | D:6      | Reached skill level 5 in Armour
  5637 | D:6      | Noticed Grinder
  5638 | D:6      | Noticed Maggie
  5662 | D:6      | Killed Maggie
  5662 | D:6      | Reached XP level 9. HP: 55/55 MP: 7/9
  5668 | D:6      | Killed Grinder
  6132 | D:6      | Found a glowing silver altar of Zin.
  6586 | D:7      | Found a bloodstained altar of Trog.
  6587 | D:7      | Found a shimmering altar of Xom.
  6587 | D:7      | Found a burning altar of Makhleb.
  6587 | D:7      | Found a glowing silver altar of Zin.
  6629 | D:7      | Reached ***** piety under Trog
  6849 | D:7      | Noticed Harold
  6864 | D:7      | Killed Harold
  6864 | D:7      | Reached skill level 10 in Maces & Flails
  6864 | D:7      | Reached XP level 10. HP: 63/63 MP: 7/10
  7050 | D:7      | Lost mutation: You tend to lose your temper in combat.
                  | [potion of mutation]
  7050 | D:7      | Lost mutation: You have large cloven feet. [potion of
                  | mutation]
  7050 | D:7      | Gained mutation: Your muscles are strong. (Str +2) [potion
                  | of mutation]
  7050 | D:7      | Gained mutation: You can translocate small distances at
                  | will. [potion of mutation]
  7050 | D:7      | Gained mutation: You have a pair of small horns on your
                  | head. [potion of mutation]
  7050 | D:7      | Gained mutation: You are somewhat resistant to further
                  | mutation. [potion of mutation]
  7489 | D:7      | Noticed Pikel
  7503 | D:7      | Killed Pikel
  7835 | D:7      | Found a burning altar of Makhleb.
  7907 | D:7      | Noticed a six-headed hydra
  7912 | D:7      | Killed a six-headed hydra
  8626 | D:8      | Found a glowing golden altar of the Shining One.
  8844 | D:8      | Got a translucent quarterstaff
  8845 | D:8      | Identified the +9 quarterstaff "Maomafan" {antimagic,
                  | *Noise rElec rN+ Int+3} (You found it on level 8 of the
                  | Dungeon)
  8858 | D:8      | Reached skill level 5 in Dodging
  8858 | D:8      | Reached XP level 11. HP: 71/71 MP: 4/11
  8986 | D:9      | Found an opulent altar of Gozag.
  9068 | D:9      | Noticed Psyche
  9070 | D:9      | Paralysed by Psyche for 7 turns
  9087 | D:9      | Killed Psyche
  9198 | D:9      | Reached XP level 12. HP: 59/77 MP: 8/12
  9292 | D:9      | Found a staircase to the Lair.
  9306 | D:9      | Reached skill level 10 in Armour
  9778 | D:9      | Reached skill level 10 in Fighting
 10107 | D:9      | Found a blossoming altar of Fedhas.
 10264 | D:9      | Found a hide-covered altar of Uskayaw.
 10482 | D:10     | Entered Level 10 of the Dungeon
 10541 | D:10     | Noticed a catoblepas
 10553 | D:10     | Killed a catoblepas
 10577 | D:10     | Found a glowing golden altar of the Shining One.
 10716 | D:10     | Found Wenluh's Jewellery Shop.
 10800 | D:10     | Found Zyufres's Armour Shoppe.
 10814 | D:10     | Bought the +4 scale mail of the Black Moon {+Inv} for 570
                  | gold pieces
 11267 | D:10     | Found Ximorch's Antique Weapon Emporium.
 11277 | D:10     | Received a gift from Trog
 11588 | Lair:1   | Entered Level 1 of the Lair of Beasts
 12717 | Lair:2   | Found a staircase to the Snake Pit.
 12840 | Lair:2   | Reached skill level 1 in Evocations
 14190 | Lair:3   | Reached XP level 13. HP: 76/84 MP: 11/13
 14597 | Lair:3   | Found a staircase to the Swamp.
 14897 | Lair:3   | Reached ****** piety under Trog
 15839 | Lair:4   | Received a gift from Trog
 16798 | Lair:5   | Noticed Snorg
 16807 | Lair:5   | Killed Snorg
 16970 | Lair:5   | Found a snail-covered altar of Cheibriados.
 17621 | Lair:6   | Entered Level 6 of the Lair of Beasts
 17638 | Lair:6   | Gained mutation: Your large and strong wings let you fly
                  | indefinitely. [Gargoyle growth]
 17638 | Lair:6   | Reached XP level 14. HP: 88/92 MP: 14/14
 18272 | Lair:6   | Found a staircase to the Slime Pits.
 18696 | Lair:6   | Received a gift from Trog
 20567 | D:11     | Noticed Fannar
 20581 | D:11     | Killed Fannar
 21090 | D:11     | You fall into a shaft and drop 2 floors!
 21618 | D:13     | Noticed Sonja
 21625 | D:13     | Cast into level 1 of the Abyss (Sonja)
 21655 | Abyss:1  | Received a gift from Trog
 21684 | Abyss:1  | Reached skill level 15 in Maces & Flails
 21856 | Abyss:1  | Reached XP level 15. HP: 45/100 MP: 15/15
 21867 | Abyss:1  | Noticed a bone dragon
 21879 | Abyss:1  | Killed a bone dragon
 21904 | D:13     | Escaped the Abyss
 21910 | D:13     | Killed Sonja
 23187 | D:13     | Noticed a sphinx
 23187 | D:13     | an alligator snapping turtle changed into a sphinx
 23191 | D:13     | Killed a sphinx
 23537 | D:13     | Found a gate to the Vaults.
 23842 | D:12     | Found a frozen archway.
 23879 | IceCv    | Entered an ice cave
 24770 | IceCv    | Noticed a frost giant
 24781 | IceCv    | Killed a frost giant
 25138 | D:12     | Noticed Nergalle
 25141 | D:12     | Found a stormy altar of Qazlal.
 25157 | D:12     | Killed Nergalle
 25157 | D:12     | Reached skill level 15 in Fighting
 25217 | D:12     | Found a staircase to the Orcish Mines.
 25237 | Orc:1    | Entered Level 1 of the Orcish Mines
 25238 | Orc:1    | Received a gift from Trog
 25286 | Orc:1    | Found a dark tunnel.
 25341 | Orc:1    | Identified a scroll of acquirement
 25346 | Volcano  | Entered a volcano
 25382 | Volcano  | Reached XP level 16. HP: 108/108 MP: 16/16
 25765 | Volcano  | Found a radiant altar of Vehumet.
 26038 | Orc:1    | Found a burning altar of Makhleb.
 26468 | Orc:1    | Found a roughly hewn altar of Beogh.
 27335 | Orc:2    | Entered Level 2 of the Orcish Mines
 27746 | Orc:2    | Received a gift from Trog
 27781 | Orc:2    | Found a roughly hewn altar of Beogh.
 28023 | Orc:2    | Acquired a manual of Fighting
 28046 | Orc:2    | Found Ozexir's General Store.
 28052 | Orc:2    | Found Hyohufao's Antique Armour Shoppe.
 28129 | Orc:2    | Bought a shiny plate armour for 650 gold pieces
 28171 | Orc:2    | Found a staircase to the Elven Halls.
 28337 | Orc:2    | Noticed Jorgrun
 28711 | Orc:2    | Killed Jorgrun
 28926 | Orc:2    | Bought a scroll of teleportation for 42 gold pieces
 28926 | Orc:2    | Bought a potion of might for 56 gold pieces
 28926 | Orc:2    | Bought a wand of acid (9) for 364 gold pieces
 28997 | Orc:2    | Found Jat Kiuw's Antique Weapon Shoppe.
 29197 | Orc:2    | Found Piocewiu's Jewellery Shoppe.
 29203 | Orc:2    | Bought the amulet "Jesob" {Acrobat rPois Str+4 Slay+5
                  | Stlth+} for 880 gold pieces
 29575 | D:12     | Received a gift from Trog
 31050 | Snake:1  | Entered Level 1 of the Snake Pit
 31384 | Snake:1  | Reached XP level 17. HP: 97/120 MP: 6/17
 32249 | Snake:2  | Found a transporter.
 32552 | Snake:2  | Acquired a manual of Fighting
 32709 | Snake:2  | Identified the ring "Achuvac" {rPois rC+ Int-5 Dex+3 SInv}
 32745 | Snake:2  | Found a transporter.
 33051 | Snake:2  | Received a gift from Trog
 33163 | Snake:2  | Found Dianwucout's Desiderata Depot.
 33528 | Snake:3  | Noticed Vashnia
 33556 | Snake:3  | Killed Vashnia
 34865 | Snake:4  | Entered Level 4 of the Snake Pit
 34867 | Snake:4  | Received a gift from Trog
 34879 | Snake:4  | Got an ichor-stained dire flail {god gift}
 34880 | Snake:4  | Identified the +9 dire flail "Duotea Teekk" {flame, rElec}
                  | (Trog gifted it to you on level 4 of the Snake Pit)
 35078 | Snake:4  | Reached XP level 18. HP: 118/136 MP: 18/18
 36027 | Snake:4  | Received a gift from Trog
 36636 | Snake:4  | Got a serpentine rune of Zot
 37016 | Snake:4  | Received a gift from Trog
 37387 | Swamp:1  | Entered Level 1 of the Swamp
 37397 | Swamp:1  | Reached XP level 19. HP: 147/147 MP: 19/19
 37413 | Swamp:1  | Found a runed translucent gate.
 37413 | Swamp:1  | Found a runed translucent gate.
 37482 | Swamp:1  | Found a runed translucent gate.
 37496 | Swamp:1  | Noticed Deeps's ghost (adept GrFi)
 37718 | Swamp:1  | Killed Deeps's ghost
 37951 | Swamp:1  | Acquired the +0 kite shield of the Postmodern Friars {rPois
                  | Str+9 Dex-2 Stlth-}
 39103 | Swamp:3  | Received a gift from Trog
 39370 | Swamp:3  | Reached skill level 10 in Dodging
 39401 | Swamp:3  | Found the +7 Spriggan's Knife {stab, EV+4 Stlth+}
 39891 | Swamp:4  | Entered Level 4 of the Swamp
 40268 | Swamp:4  | Reached skill level 1 in Shields
 40958 | Swamp:4  | Received a gift from Trog
 41061 | Swamp:4  | Got a decaying rune of Zot
 41318 | Swamp:4  | Reached XP level 20. HP: 146/155 MP: 20/20
 42383 | Elf:1    | Entered Level 1 of the Elven Halls
 42524 | Elf:1    | Found a magical portal.
 42539 | WizLab   | Entered Iskenderun's Mystic Tower
 42855 | WizLab   | Reached skill level 15 in Armour
 43251 | WizLab   | Received a gift from Trog
 43275 | WizLab   | Got a masterwork eveningstar {god gift}
 43397 | WizLab   | Identified the +4 eveningstar of Kucenekh {antimagic, rF+
                  | rN+} (Trog gifted it to you in a wizard's laboratory)
 43854 | WizLab   | Identified Dispater's Handbook of Supportive Earth
 43995 | WizLab   | Identified Iskenderun's Reference Book on Conjuration
 43995 | WizLab   | Identified Iskenderun's Papyrus of Attacks
 45187 | Elf:2    | Reached skill level 5 in Shields
 45192 | Elf:2    | Got a pitted kite shield
 45278 | Elf:2    | Identified the +1 kite shield of Sin {Harm Rampage Dex+3
                  | Stlth-} (You found it on level 2 of the Elven Halls)
 45426 | Elf:2    | Found a runed translucent gate.
 45426 | Elf:2    | Found a runed translucent gate.
 45441 | Elf:2    | Found a runed translucent gate.
 45470 | Elf:2    | Received a gift from Trog
 45484 | Elf:2    | Found a runed translucent gate.
 45484 | Elf:2    | Found a runed translucent gate.
 45493 | Elf:2    | Found a runed translucent gate.
 45494 | Elf:2    | Noticed pigah's ghost (adept DrWn)
 45549 | Elf:2    | Killed pigah's ghost
 45610 | Elf:2    | Got a faintly glowing hat
 45635 | Elf:2    | Got a spiked cloak
 46258 | Elf:2    | Identified the +0 hat of the New World {Int+6 Slay+3 SInv}
                  | (You found it on level 2 of the Elven Halls)
 46269 | Elf:2    | Identified the +2 cloak "Painas Kuth" {-Cast Str+2 Int+4
                  | Stlth+} (You found it on level 2 of the Elven Halls)
 46373 | Elf:2    | Found a runed translucent gate.
 46373 | Elf:2    | Found a runed translucent gate.
 46373 | Elf:2    | Found a runed translucent gate.
 47090 | Elf:2    | Reached XP level 21. HP: 150/160 MP: 21/21
 47219 | Elf:2    | Received a gift from Trog
 47393 | Elf:3    | Entered Level 3 of the Elven Halls
 47405 | Elf:3    | Noticed Nikola
 47412 | Elf:3    | Killed Nikola
 47476 | Elf:3    | Found a radiant altar of Vehumet.
 47857 | Elf:3    | Received a gift from Trog
 47860 | Elf:3    | HP: 8/160 [Hell Sentinel/iron shot[a ghostly deep elf
                  | demonologist] (42)]
 48214 | Elf:3    | Identified the ring of Xelegeir {rElec rN+ Stlth-}
 48436 | Elf:3    | Found the +6 arbalest "Damnation" {damnation}
 48939 | Vaults:1 | Entered Level 1 of the Vaults
 49156 | Vaults:1 | Received a gift from Trog
 49337 | Vaults:1 | Found Voahex's Antique Weapon Shop.
 49865 | Vaults:1 | Reached XP level 22. HP: 166/166 MP: 22/22
 50913 | Vaults:2 | Received a gift from Trog
 51392 | Vaults:2 | Identified the ring "Goppoogga" {Fire rPois}
 51798 | Vaults:3 | Received a gift from Trog
 51830 | Vaults:3 | Got a bloodstained great mace {god gift}
 51846 | Vaults:3 | Identified the +6 great mace of Imp's Regret {vorpal,
                  | *Noise Int+7 Dex+5} (Trog gifted it to you on level 3 of
                  | the Vaults)
 52073 | Vaults:3 | Noticed Frederick
 52073 | Vaults:3 | Noticed Agnes
 52081 | Vaults:3 | Killed Agnes
 52088 | Vaults:3 | Killed Frederick
 52089 | Vaults:3 | Noticed Asterion
 52103 | Vaults:3 | Killed Asterion
 52104 | Vaults:3 | Found Qiesah's Assorted Antiques.
 52415 | Vaults:3 | Received a gift from Trog
 52579 | Vaults:3 | Got a slimy great mace {god gift}
 52581 | Vaults:3 | Identified the +3 great mace "Taupaog" {antimagic, rPois
                  | Dex-4 SInv} (Trog gifted it to you on level 3 of the
                  | Vaults)
 52681 | Vaults:3 | Bought a potion of heal wounds for 205 gold pieces
 52681 | Vaults:3 | Bought a scroll of enchant weapon for 307 gold pieces
 52709 | Vaults:3 | Found Zur Ufu's Magic Scroll Shop.
 52714 | Vaults:3 | Bought a scroll of teleportation for 66 gold pieces
 52714 | Vaults:3 | Bought a scroll of blinking for 165 gold pieces
 52714 | Vaults:3 | Bought a scroll of blinking for 165 gold pieces
 52714 | Vaults:3 | Bought a scroll of identify for 44 gold pieces
 52714 | Vaults:3 | Bought a scroll of teleportation for 66 gold pieces
 53189 | Vaults:3 | Found a staircase to the Crypt.
 53189 | Vaults:3 | Found an ancient bone altar of Kikubaaqudgha.
 53190 | Vaults:3 | Found a basalt altar of Yredelemnul.
 53203 | Vaults:3 | Acquired the ring "Ukeikh" {Fire +Inv +Fly rN++ Str-4}
 53226 | Crypt:1  | Entered Level 1 of the Crypt
 53704 | Crypt:1  | Reached XP level 23. HP: 172/172 MP: 23/23
 53714 | Crypt:1  | Received a gift from Trog
 54013 | Crypt:1  | You are sucked into a shaft and drop 1 floor!
 54386 | Crypt:2  | Noticed Xtahua
 54390 | Crypt:2  | Paralysed by Xtahua for 5 turns
 54397 | Crypt:2  | Killed Xtahua
 54700 | Crypt:2  | Reached skill level 10 in Shields
 55299 | Crypt:1  | Received a gift from Trog
 55309 | Crypt:1  | Got a jewelled great mace {god gift}
 55310 | Crypt:1  | Identified the +7 great mace "Keamn" {vorpal, +Blink} (Trog
                  | gifted it to you on level 1 of the Crypt)
 55452 | Crypt:3  | Entered Level 3 of the Crypt
 55664 | Crypt:3  | Found a staircase to the Tomb.
 56326 | Crypt:3  | Received a gift from Trog
 56412 | Crypt:3  | Got a transparent silver ring
 56412 | Crypt:3  | Got a bound granite ring
 56412 | Crypt:3  | Got a brightly glowing brass ring
 56518 | Crypt:3  | Noticed an ancient lich
 56524 | Crypt:3  | Killed an ancient lich
 56531 | Crypt:3  | Found the +0 pair of fencer's gloves {Riposte Dex+3}
 56556 | Crypt:3  | Identified Sif Muna's Disquisition on Weightlessness and
                  | Dislocation
 56684 | Crypt:3  | Reached XP level 24. HP: 178/178 MP: 23/23
 56947 | Tomb:1   | Entered Level 1 of the Tomb of the Ancients
 57065 | Tomb:1   | Acquired a manual of Shields
 57083 | Tomb:1   | Identified the ring of the Peculiar Xeniums {rN+ Str+2
                  | Stlth+} (You found it on level 3 of the Crypt)
 57084 | Tomb:1   | Identified the ring of Sunlight {rElec rF+ rN+} (You found
                  | it on level 3 of the Crypt)
 57085 | Tomb:1   | Identified the ring "Kogeosu" {rPois rN+ Dex+3} (You found
                  | it on level 3 of the Crypt)
 57227 | Tomb:1   | Noticed Khufu
 57254 | Tomb:1   | Killed Khufu
 57266 | Tomb:1   | Received a gift from Trog
 57759 | Tomb:1   | Reached skill level 15 in Shields
 58016 | Tomb:1   | Noticed a greater mummy
 58022 | Tomb:1   | Noticed Sojobo
 58027 | Tomb:1   | Noticed a greater mummy
 58323 | Tomb:1   | Killed a greater mummy
 58611 | Tomb:1   | Killed Sojobo
 59141 | Tomb:1   | Received a gift from Trog
 59179 | Tomb:1   | Killed a greater mummy
 59668 | Tomb:2   | Noticed an ancient lich
 59668 | Tomb:2   | Noticed a greater mummy
 59668 | Tomb:2   | Noticed a greater mummy
 59668 | Tomb:2   | Noticed a greater mummy
 60735 | Tomb:2   | Killed a greater mummy
 61477 | Vaults:3 | Noticed a caustic shrike
 61484 | Vaults:3 | Killed a caustic shrike
 61704 | Vaults:3 | Found a runed translucent gate.
 61705 | Vaults:3 | Found a runed translucent gate.
 61706 | Vaults:3 | Found a runed translucent gate.
 61706 | Vaults:3 | Noticed Switch's ghost (veteran DDFi)
 61726 | Vaults:3 | Killed Switch's ghost
 61748 | Vaults:3 | Got a heavily runed steel ring
 61759 | Vaults:3 | Identified the ring of the Evening {rCorr Int-2 Dex+6 SInv}
                  | (You found it on level 3 of the Vaults)
 62053 | Vaults:4 | Received a gift from Trog
 62055 | Vaults:4 | Reached XP level 25. HP: 185/185 MP: 23/23
 62589 | Vaults:4 | Got a smoking ring mail
 62600 | Vaults:4 | Identified the +2 ring mail "Qedasui" {rElec Dex+2} (You
                  | found it on level 4 of the Vaults)
 63201 | Vaults:4 | Reached skill level 27 in Fighting
 63392 | Vaults:5 | Entered Level 5 of the Vaults
 63640 | Vaults:5 | Received a gift from Trog
 63938 | Vaults:5 | Noticed an ancient lich
 63947 | Vaults:5 | Killed an ancient lich
 63962 | Vaults:5 | Noticed an ancient lich
 63970 | Vaults:5 | Killed an ancient lich
 63986 | Vaults:5 | Reached XP level 26. HP: 193/193 MP: 23/23
 64224 | Vaults:5 | Received a gift from Trog
 64593 | Vaults:5 | Identified the +8 long sword of Righteous Anger {speed,
                  | MP+9 Str+2}
 64619 | Vaults:5 | Identified the cursed +0 morningstar of the Onslaught
                  | {drain, Dex+3}
 64858 | Vaults:5 | Got a silver rune of Zot
 65074 | Vaults:5 | Got a warped buckler
 65085 | Vaults:5 | Identified the +2 buckler of Zekufal {Harm rN+} (You found
                  | it on level 5 of the Vaults)
 65339 | Vaults:5 | Received a gift from Trog
 66501 | D:15     | Entered Level 15 of the Dungeon
 66744 | D:15     | Found Astom's Distillery.
 66752 | D:15     | Bought a potion of haste for 150 gold pieces
 66923 | D:15     | Found Rugiugh's Assorted Antiques.
 66937 | D:15     | Bought a pair of glowing boots for 202 gold pieces
 66942 | D:15     | Bought a scroll of identify for 54 gold pieces
 66942 | D:15     | Bought a potion of might for 108 gold pieces
 67060 | D:15     | Found Cadun's Magic Scroll Shop.
 67077 | D:15     | Noticed Rupert
 67081 | D:15     | Killed Rupert
 67112 | D:15     | Bought a scroll of teleportation for 51 gold pieces
 67112 | D:15     | Bought a scroll of enchant weapon for 127 gold pieces
 67112 | D:15     | Bought a scroll of blinking for 127 gold pieces
 67112 | D:15     | Bought 3 scrolls of identify for 102 gold pieces
 67112 | D:15     | Bought a scroll of enchant weapon for 127 gold pieces
 67112 | D:15     | Bought a scroll of enchant weapon for 127 gold pieces
 67112 | D:15     | Bought a scroll of magic mapping for 59 gold pieces
 67172 | D:15     | Received a gift from Trog
 67338 | D:15     | Found a staircase to the Depths.
 67367 | Depths:1 | Entered Level 1 of the Depths
 67871 | Depths:1 | Reached skill level 27 in Maces & Flails
 67871 | Depths:1 | Reached XP level 27. HP: 199/199 MP: 23/23
 68051 | Depths:1 | Found a gateway to Hell.
 68071 | Depths:1 | Found a one-way gate to the infinite horrors of the Abyss.
 68080 | Depths:1 | Noticed Louise
 68090 | Depths:1 | Killed Louise
 68462 | Depths:1 | Received a gift from Trog
 68760 | Depths:2 | Found Puhatev's Distillery.
 68762 | Depths:2 | Found Fimap's Weapon Shoppe.
 68764 | Depths:2 | Found Puaneriq's Antique Weapon Emporium.
 68809 | Depths:2 | Found a gateway to a ziggurat.
 68863 | Depths:2 | Noticed Saint Roka
 68908 | Depths:2 | Killed Saint Roka
 68933 | Depths:2 | Found a flickering gateway to a bazaar.
 68943 | Bazaar   | Entered a bazaar
 69059 | Bazaar   | Found Fih Juyps's Jewellery Shoppe.
 69110 | Bazaar   | Found Mylalaar's Gadget Shoppe.
 69169 | Bazaar   | Found Odeexzi's Jewellery Boutique.
 69237 | Bazaar   | Found Suseelish's Magic Scroll Shoppe.
 69243 | Bazaar   | Bought a scroll of blinking for 82 gold pieces
 69243 | Bazaar   | Bought a scroll of fog for 22 gold pieces
 69243 | Bazaar   | Bought a scroll of enchant armour for 82 gold pieces
 69243 | Bazaar   | Bought a scroll of identify for 22 gold pieces
 69243 | Bazaar   | Bought a scroll of identify for 22 gold pieces
 69326 | Bazaar   | Bought the ring of the Cast Vote {*Contam rF+ rN+++ MP+9
                  | SInv} for 987 gold pieces
 69465 | Depths:2 | Cast into level 3 of the Abyss (a lich)
 69799 | Abyss:4  | Received a gift from Trog
 69922 | Abyss:4  | Got an abyssal rune of Zot
 69932 | Depths:2 | Escaped the Abyss
 70734 | Depths:3 | Received a gift from Trog
 71084 | Depths:3 | Got a bronze crystal plate armour
 71095 | Depths:3 | Identified the +8 crystal plate armour "Xemim" {MR+} (You
                  | found it on level 3 of the Depths)
 71347 | Depths:3 | Found a one-way gate leading to the halls of Pandemonium.
 71361 | Depths:3 | You are sucked into a shaft and drop 2 floors!
 71361 | Depths:5 | Entered Level 5 of the Depths
 71501 | Depths:5 | Received a gift from Trog
 72075 | Depths:5 | Found a gate to the Realm of Zot.
 72497 | Zot:1    | Entered Level 1 of the Realm of Zot
 72712 | Zot:1    | Received a gift from Trog
 73527 | Zot:2    | Noticed an orb of fire
 73538 | Zot:2    | Killed an orb of fire
 75389 | Zot:3    | Noticed an ancient lich
 75406 | Zot:2    | Killed an ancient lich
 75692 | Zot:3    | Received a gift from Trog
 76704 | Zot:5    | Entered Level 5 of the Realm of Zot
 76754 | Zot:5    | Received a gift from Trog
 77164 | Zot:5    | Noticed an ancient lich
 77171 | Zot:5    | Killed an ancient lich
 77180 | Zot:5    | Noticed an orb of fire
 77197 | Zot:5    | Noticed an orb of fire
 77748 | Zot:5    | Noticed an orb of fire
 77763 | Zot:5    | Killed an orb of fire
 77771 | Zot:5    | Gained mutation: You are occasionally teleported next to
                  | monsters. [an orb of fire]
 77773 | Zot:5    | Noticed an ancient lich
 77778 | Zot:5    | Gained mutation: Potions are less effective at restoring
                  | your health. [an orb of fire]
 77780 | Zot:5    | Killed an orb of fire
 78271 | Zot:5    | Received a gift from Trog
 78314 | Zot:5    | Noticed an ancient lich
 78317 | Zot:5    | Cast into level 5 of the Abyss (an ancient lich)
 78317 | Abyss:5  | Entered Level 5 of the Abyss
 78317 | Abyss:5  | Found a corrupted altar of Lugonu.
 78470 | Abyss:5  | Lost mutation: You are somewhat resistant to further
                  | mutation. [potion of mutation]
 78470 | Abyss:5  | Lost mutation: You are occasionally teleported next to
                  | monsters. [potion of mutation]
 78470 | Abyss:5  | Lost mutation: You are agile. (Dex +2) [potion of mutation]
 78470 | Abyss:5  | Gained mutation: You are somewhat resistant to further
                  | mutation. [potion of mutation]
 78473 | Zot:5    | Escaped the Abyss
 78483 | Zot:5    | Killed an ancient lich
 78486 | Zot:5    | Killed an ancient lich
 78764 | Zot:5    | Gained mutation: You are frail. (-10% HP) [an orb of fire]
 78768 | Zot:5    | Killed an orb of fire
 79415 | Hell     | Entered the Vestibule of Hell
 79415 | Hell     | Noticed Geryon
 79424 | Hell     | Reached skill level 1 in Axes
 79473 | Hell     | Killed Geryon
 79482 | Hell     | Received a gift from Trog
 79727 | Hell     | Found a gateway to the decaying netherworld of Tartarus.
 79742 | Hell     | Reached skill level 5 in Axes
 79755 | Hell     | Reached skill level 27 in Armour
 79828 | Hell     | Found a gateway to the freezing wastes of Cocytus.
 79975 | Hell     | Found a gateway to the Iron City of Dis.
 80087 | Hell     | Found a gateway to the ashen valley of Gehenna.
 80104 | Geh:1    | Entered Level 1 of Gehenna
 80288 | Geh:1    | Received a gift from Trog
 81105 | Geh:1    | Received a gift from Trog
 81309 | Geh:3    | Reached skill level 10 in Axes
 81607 | Geh:4    | Received a gift from Trog
 82232 | Geh:7    | Entered Level 7 of Gehenna
 82271 | Geh:7    | Received a gift from Trog
 82701 | Geh:7    | Noticed the Serpent of Hell
 82707 | Geh:7    | Killed the Serpent of Hell
 82787 | Geh:7    | Identified Sif Muna's Collected Works on Unholy Snow
 82949 | Geh:7    | Received a gift from Trog
 83004 | Geh:7    | Reached skill level 15 in Axes
 83376 | Geh:7    | Identified the +7 sceptre of Asmodeus
 83376 | Geh:7    | Noticed Asmodeus
 83392 | Geh:7    | Killed Asmodeus
 83405 | Geh:7    | Got an obsidian rune of Zot
 83791 | Dis:1    | Entered Level 1 of the Iron City of Dis
 84056 | Dis:1    | Received a gift from Trog
 84410 | Dis:2    | You are sucked into a shaft and drop 1 floor!
 84974 | Dis:2    | Received a gift from Trog
 85817 | Dis:5    | Received a gift from Trog
 86857 | Dis:7    | Entered Level 7 of the Iron City of Dis
 87002 | Dis:7    | Received a gift from Trog
 88554 | Dis:7    | Received a gift from Trog
 88909 | Dis:7    | Reached skill level 1 in Crossbows
 89219 | Dis:7    | Identified the +4 staff of Dispater
 89219 | Dis:7    | Noticed Dispater
 89231 | Dis:7    | Killed Dispater
 89332 | Dis:7    | Identified the Guide on Fiery Snow
 89335 | Dis:7    | Got an ancient platinum ring
 89337 | Dis:7    | Got an iron rune of Zot
 89339 | Dis:7    | Got a sparkling golden ring
 89340 | Dis:7    | Identified the Compendium of Supportive Attacks
 89341 | Dis:7    | Identified the ring of Lucer {MR+ Int+5 Dex+6} (You found
                  | it on level 7 of the Iron City of Dis)
 89342 | Dis:7    | Identified the ring of Mughisiw {Ice +Blink rPois rN+} (You
                  | found it on level 7 of the Iron City of Dis)
 90307 | Dis:7    | Received a gift from Trog
 90499 | Tar:1    | Entered Level 1 of Tartarus
 90511 | Tar:1    | Reached skill level 15 in Dodging
 90608 | Tar:1    | Reached skill level 5 in Crossbows
 91190 | Tar:5    | Received a gift from Trog
 91325 | Tar:6    | Reached skill level 27 in Shields
 91434 | Tar:7    | Entered Level 7 of Tartarus
 91737 | Tar:7    | Got a pair of crude gloves
 91748 | Tar:7    | Identified the cursed +0 pair of gloves of Parts Unknown
                  | {MR+} (You found it on level 7 of Tartarus)
 91846 | Tar:7    | Noticed Ereshkigal
 91857 | Tar:7    | Killed Ereshkigal
 91881 | Tar:7    | Killed from afar by a Tzitzimitl

Illustrated notes

Levels and vault maps discovered:
D:1:      denvon_arrival_planthouse, layout_basic
D:2:      layout_basic, lemuel_coloured_pillars_altar
D:3:      layout_rooms, lemuel_doored_altar, lemuel_round_altar,
          lemuel_round_altar, nicolae_ashenzari_panopticon, uniq_robin
D:4:      layout_basic, cheibriados_altar_1, vehumet_statue, minmay_ruptured
D:5:      layout_basic, nicolae_ru_awakened_eye, kennysheep_mini_moat,
          minmay_temple_entry_mini_moons, basic_altar, xom_redecorated
D:6:      minmay_general_purpose_star, layout_cave_pools, zin_academy,
          serial_shops, nicolae_shop_crystal, uniq_menkaure, uniq_maggie,
          uniq_grinder
D:7:      minmay_the_grid_octo_2x2 [minmay_the_grid_octo_concentric,
          minmay_the_grid_octo_focus, minmay_the_grid_octo_shrine,
          minmay_the_grid_octo_prize_single_spiral], layout_loops_corners,
          lemuel_centaur_altar, uniq_harold, uniq_pikel
D:8:      layout_cave_pools, tso_oasis_becter, chequers_serial_rivers_large_b
D:9:      layout_stronghold, fedhas_altar_fruit_tree, kennysheep_mini,
          nicolae_overflow_crystal_walls, erik_lair_dragon, uniq_psyche
D:10:     kennysheep_six_static_rooms, layout_rooms, serial_shops, shop,
          nicolae_shop_stone, shop, basic_altar
D:11:     layout_gridville, uniq_fannar
D:12:     layout_irregular_city, erik_orc_3, basic_altar,
          gauntlet_entry_generic, portal_ice_cave_entry_ice_beasts,
          minivault_28, uniq_nergalle
D:13:     minmay_bloctagon, layout_irregular_city,
          skrybe_vaults_entry_preservation, roderic_filled_cross, uniq_sonja
D:14:     layout_long_grid, minmay_misc_feat_four_crosses
D:15:     gammafunk_enter_depths_forms, layout_long_grid, serial_shops,
          shop_statue, nicolae_shop_stone, shop, uniq_rupert
Lair:1:   layout_loops_ring
Lair:2:   layout_layer_cave, minmay_snake_entry_six_corridors,
          chequers_serial_rivers_micro_c
Lair:3:   layout_regular_city, swamp_mist
Lair:4:   layout_regular_city, chequers_serial_rivers_small_3,
          nicolae_quartered_pool_medium
Lair:5:   layout_long_grid, fungi_pond_lemuel, kennysheep_snail_temple,
          grunt_megastairs_5, uniq_snorg
Lair:6:   minmay_lair_end_enchanted_forest, layout_regular_city, slime_dummy
Swamp:1:  layout_basic_swamp, gammafunk_ghost_hydra_chop,
          nicolae_swamp_round_clearing, swamp_pool2
Swamp:2:  layout_basic_swamp, infiniplex_staircase_pool_2
Swamp:3:  layout_basic_swamp, evilmike_swamp_ruin_house_2
Swamp:4:  swamp, layout_basic_swamp, kb_tengu_band
Snake:1:  layout_rooms, lemuel_fruit_tree
Snake:2:  gammafunk_the_bubble [the_bubble_gammafunk_split],
          layout_misc_corridors, serial_bayou, serial_bayou_pond_c,
          serial_bayou_lake_a, serial_bayou_shore_b, serial_bayou_pond_c,
          grunt_ministairs_15, nicolae_alphabet_shops
Snake:3:  layout_layer_cave, hangedman_snake_thin_pillar_pass,
          grunt_megastairs_1, uniq_vashnia
Snake:4:  grunt_snake_rune_spirals, layout_onion, drop_trap
Orc:1:    orc_temple, layout_caves, basic_altar, nicolae_volcano_entry_batcave
Orc:2:    grunt_orc_cross, layout_caves, nicolae_orc_crystal_geode, uniq_jorgrun
Elf:1:    layout_loops_corners, infiniplex_enter_wizlab_water, serial_glass,
          glass_columns_b, glass_columns_b, minivault_28
Elf:2:    layout_onion_city, ploomutoo_gammafunk_ghost_potion_laboratory,
          drop_trap, dk_noncrumbling_4
Elf:3:    minmay_elf_hall, layout_geoelf_octagon, basic_altar, uniq_nikola
Vaults:1: nicolae_vaults_stairing_the_circle, nicolae_vaults_circle_grid_b,
          ontoclasm_vaults_idyll, vaults_room_hallway, v_misc_4, serial_ice_m,
          nicolae_vaults_circle_grid_b, v_misc_16, hangedman_vaults_cutoff,
          ontoclasm_vaults_chip, v_misc_29, nicolae_vaults_rhombus_6,
          v_alt_pattern_5, ontoclasm_vaults_loading_screen, layout_vaults_ring,
          serial_shops, nicolae_shop_overgrown_old_shop
Vaults:2: vaults_room_door_hall, vaults_dpeg_doors,
          nicolae_vaults_border_crossing, vaults_room_hangedman_quadrants,
          layout_vaults_omnigrid
Vaults:3: gammafunk_vaults_ghost_spectres, hangedman_vaults_corner,
          minmay_crypt_entry_necro_gods, vaults_dpeg_encased_lava, v_misc_19,
          grunt_vaults_twisty, vaults_room_fancy_cross, sword_in_stone,
          v_rooms_4, v_rooms_4, ontoclasm_vaults_shuriken,
          dpeg_vaults_monster_box, nicolae_vaults_network_quinsquares
          [nicolae_vaults_network_quincunx_subvault,
          nicolae_vaults_network_quincunx_subvault,
          nicolae_vaults_network_quincunx_subvault,
          nicolae_vaults_network_quincunx_subvault], vaults_room_pool,
          ontoclasm_vaults_idyll, layout_vaults_omnibox, serial_shops,
          nicolae_shop_overgrown_old_shop, shop
Vaults:4: nicolae_vaults_asterisk, v_misc_4, dpeg_vaults_monster_row, v_rooms_4,
          v_pattern_1, vaults_mumra_lcd, hangedman_vaults_nails,
          nicolae_vaults_three_branches, v_misc_19, vaults_room_semicircle,
          layout_vaults_chaotic_city
Vaults:5: serial_shops
Crypt:1:  layout_chaotic_city, st_vampire_maze, grunt_crypt_arrival_webbed,
          grunt_megastairs_2
Crypt:2:  layout_chaotic_city, minivault_26, uniq_xtahua
Crypt:3:  due_elkab, layout_chaotic_city, st_stairs_4, minmay_misc_feat_rows
Tomb:1:   uniq_khufu, uniq_sojobo
Tomb:2
Depths:1: layout_long_grid, nicolae_abyss_entry_one_way_or_another, hell_entry,
          serial_sigils, serial_sigils_hangedman_shear,
          serial_sigils_hangedman_leer, serial_sigils_hangedman_shear,
          serial_sigils_hangedman_stare, serial_sigils_hangedman_scratch,
          minmay_metal_thing
Depths:2: dpeg_oklob_gauntlet, layout_cave_pools, enter_ziggurat_a, hell_entry,
          serial_shops, bzr_firewalk, serial_bayou_shore_b,
          serial_bayou_shore_a, minmay_staircase_bubble, minmay_shop_star,
          uniq_saint_roka, uniq_asterion
Depths:3: minmay_open_boxes_in_corner, layout_gridlike, abyss_entry,
          minmay_holes, pan_entry, hangedman_coc_ice_floe
Depths:5: grunt_crosshair, layout_basic, grunt_hell_entry_dis_grunt,
          minmay_misc_feat_secret_circle, feat_on_display
Hell
Dis:1:    layout_subdivisions
Dis:2:    hangedman_iron_city_apartments, layout_gridville, grunt_megastairs_4
Dis:3:    layout_regular_city, hangedman_dis_decor_tower
Dis:4:    layout_regular_city
Dis:5:    layout_subdivisions
Dis:6:    layout_regular_city
Dis:7:    dis_grunt_layers
Geh:1:    layout_gehenna_lava_caves, lemuel_flamethrower_2
Geh:2:    layout_gehenna_lava_caves
Geh:3:    layout_gehenna_lava_caves
Geh:4:    layout_gehenna_lava_caves
Geh:5:    layout_gehenna_pools_box, lemuel_hellion_isle
Geh:6:    layout_gehenna_lava_caves
Geh:7:    geh_grunt
Tar:1:    layout_cathedral_of_symmetry, hangedman_snap_crack_crunch
Tar:2:    layout_cathedral_of_symmetry, nicolae_tar_cuneiform_sun
Tar:3:    layout_cathedral_of_symmetry, lemuel_nasty_fountain
Tar:4:    layout_grid_maze, nicolae_tar_cuneiform_bread
Tar:5:    layout_cathedral_of_symmetry, nicolae_tar_cuneiform_oil,
          nicolae_tar_cuneiform_city
Tar:6:    layout_catacombs
Tar:7:    tar_minmay_river
Zot:1:    layout_basic, grunt_megastairs_3
Zot:2:    lemuel_draconian_sentries, layout_gridlike
Zot:3:    ebering_greatest_show_in_zot, layout_misc_corridors,
          st_single_dragon_hoard_2
Zot:4:    layout_misc_corridors
Zot:5:    layout_gridlike

Skill      XL: |  1  2  3  4  5  6  7  8  9 10 11 12 13 14 15 16 17 18 19 20 21 22 23 24 25 26 27 |
---------------+----------------------------------------------------------------------------------+-----
Dodging        | 2 3 4 5 6 8 9 10 11 12 16 | 16.0
Fighting       | 4 5 7 9 11 12 14 15 18 23 25 26 27 | 27.0
Maces & Flails | 4 5 6 8 10 12 13 15 16 17 18 19 21 22 23 24 25 27 | 27.0
Stealth        | 1 3 |  3.8
Armour         | 3 4 5 7 9 11 12 13 14 15 16 17 19 20 27 | 27.0
Evocations     | 1 2 3 |  3.8
Shields        | 3 5 7 9 12 15 27 | 27.0
Axes           | 21 | 21.6
Crossbows      | 9 |  9.2
Throwing       | |  0.5
Unarmed Combat | |  0.4
Spellcasting   | |  0.4

Action                   |  1- 3 |  4- 6 |  7- 9 | 10-12 | 13-15 | 16-18 | 19-21 | 22-24 | 25-27 || total
-------------------------+-------+-------+-------+-------+-------+-------+-------+-------+-------++-------
Melee: Mace              |    89 |   237 |   238 |       |       |       |       |       |       ||   564
       Morningstar       |       |       |   165 |    65 |       |       |       |   699 |  4602 ||  5531
       Whip              |       |       |       |   559 |   816 |       |       |       |       ||  1375
       Headbutt          |       |       |       |   156 |   387 |   280 |   312 |   324 |  1669 ||  3128
       Great mace        |       |       |       |       |   535 |   713 |       |       |       ||  1248
       Demon whip        |       |       |       |       |       |    32 |       |       |       ||    32
       Dire flail        |       |       |       |       |       |   330 |  1006 |   331 |       ||  1667
       Executioner's axe |       |       |       |       |       |       |       |       |    15 ||    15
Throw: Dart              |       |       |       |       |     2 |       |       |       |       ||     2
Invok: Berserk           |       |     1 |    10 |     8 |    16 |    21 |    20 |    14 |    47 ||   137
       Brothers in Arms  |       |       |       |       |     2 |     5 |     5 |     4 |     4 ||    20
 Abil: Evoke Invisibilit |       |       |       |     1 |     2 |       |       |     1 |       ||     4
       Blink             |       |       |       |       |     3 |       |     1 |       |       ||     4
       Fly               |       |       |       |       |     1 |       |       |       |       ||     1
Evoke: Wand              |       |       |       |       |     9 |    11 |     6 |     1 |     5 ||    32
       Condenser vane    |       |       |       |       |       |       |     2 |       |     3 ||     5
       Tin of tremorston |       |       |       |       |       |       |     2 |     1 |     7 ||    10
  Use: Scroll            |     2 |       |    16 |     7 |    14 |    11 |     5 |    32 |    48 ||   135
       Potion            |     1 |     1 |     1 |     2 |     1 |     7 |     4 |     5 |    11 ||    33
 Stab: Invisible         |       |       |       |     5 |     3 |       |    11 |       |       ||    19
       Distracted        |       |       |       |       |     2 |       |     2 |       |     1 ||     5
       Confused          |       |       |       |       |       |       |       |       |     2 ||     2
Armor: Animal skin       |    39 |    38 |       |       |       |       |       |       |       ||    77
       Ring mail         |       |   113 |    30 |       |       |       |       |       |       ||   143
       Chain mail        |       |       |   281 |    33 |       |       |       |       |       ||   314
       Scale mail        |       |       |       |   150 |   585 |    95 |       |       |       ||   830
       Plate armour      |       |       |       |    31 |       |   541 |   684 |   363 |   463 ||  2082
       Crystal plate arm |       |       |       |       |       |       |       |       |  1439 ||  1439
Dodge: Dodged            |    75 |   168 |   255 |   239 |   878 |   811 |   685 |   473 |  1886 ||  5470
Block: Other             |       |       |       |       |   255 |    79 |       |       |       ||   334
       Reflection        |       |       |       |       |     3 |     2 |       |       |       ||     5
       Kite shield       |       |       |       |       |       |       |       |   423 |  3426 ||  3849
       Rpst.: Morningstar |       |       |       |       |       |       |       |    38 |   326 ||   364
       Executioner's axe |       |       |       |       |       |       |       |       |     2 ||     2

Table legend: (Time is in decaauts)
 A = Elapsed time spent in this place.
 B = Non-inter-level travel time spent in this place.
 C = Inter-level travel time spent in this place.
 D = Time resting spent in this place.
 E = Time spent auto-exploring this place.
 F = Levels seen in this place.
 G = Mean time per level.
                   A        B        C        D        E       F      G
               +--------+--------+--------+--------+--------+-----+--------+
         Total |  89910 |  87987 |   1923 |  22861 |  36320 |  83 | 1083.3 |
       Dungeon |  18638 |  18114 |    524 |   2975 |   9944 |  15 | 1242.5 |
          Lair |   8680 |   8510 |    170 |   1163 |   5258 |   6 | 1446.7 |
         Swamp |   4070 |   4005 |     65 |   1451 |   1573 |   4 | 1017.5 |
     Snake Pit |   6077 |   5954 |    123 |   1315 |   3038 |   4 | 1519.2 |
  Orcish Mines |   3963 |   3914 |     49 |   1660 |   1178 |   2 | 1981.5 |
   Elven Halls |   4680 |   4551 |    129 |   1465 |   1772 |   3 | 1560.0 |
        Vaults |   8516 |   8376 |    140 |   1586 |   4223 |   5 | 1703.2 |
         Crypt |   3758 |   3712 |     46 |    585 |   2120 |   3 | 1252.7 |
          Tomb |   4329 |   4012 |    317 |   2209 |    340 |   2 | 2164.5 |
        Depths |   4151 |   4141 |     10 |    668 |   1872 |   4 | 1037.8 |
          Hell |   1460 |   1460 |      0 |    825 |    265 |   1 | 1460.0 |
           Dis |   5651 |   5365 |    286 |   1004 |   1153 |   7 |  807.3 |
       Gehenna |   3496 |   3475 |     21 |   1841 |     20 |   7 |  499.4 |
      Tartarus |   1295 |   1285 |     10 |    365 |      8 |   7 |  185.0 |
           Zot |   6472 |   6439 |     33 |   1877 |   2222 |   5 | 1294.4 |
         Abyss |    870 |    870 |      0 |    170 |    164 |   4 |  217.5 |
        Bazaar |    458 |    458 |      0 |      0 |    357 |   1 |  458.0 |
      Ice Cave |   1193 |   1193 |      0 |    485 |    418 |   1 | 1193.0 |
       Volcano |    485 |    485 |      0 |    216 |     91 |   1 |  485.0 |
        Wizlab |   1660 |   1660 |      0 |    996 |    303 |   1 | 1660.0 |
               +--------+--------+--------+--------+--------+-----+--------+

Top non-repeatable levels by time:
  Tomb:1: 4284 daAuts
   Orc:1: 2894 daAuts
   Dis:7: 2815 daAuts
    D:13: 2497 daAuts
   Elf:2: 2190 daAuts
   Zot:5: 2182 daAuts
     D:9: 2151 daAuts
Vaults:5: 2099 daAuts
 Snake:4: 2055 daAuts
   Zot:2: 1989 daAuts
  Lair:2: 1887 daAuts
Vaults:3: 1850 daAuts
  Lair:6: 1847 daAuts
     D:7: 1717 daAuts
 Snake:3: 1715 daAuts
